 Dungeon Sprint DCSS version 0.30.1-9-gdf580d7c3d (webtiles) character file.

Game seed: 6070367568113423576

2635 Heoruswealwe the Impaler (level 9, -13/93 HPs)
             Began as a Minotaur Fighter on Oct 10, 2023.
             Was an Initiate of Gozag.
             Mangled by a boulder beetle (18 damage)
             ... in the Dungeon (Sprint IX: "|||||||||||||||||||||||||||||").
             The game lasted 00:03:08 (294 turns).

Heoruswealwe the Impaler (Minotaur Fighter)          Turns: 294, Time: 00:03:08

Health: -13/93     AC: 12    Str: 25    XL:     9   Next: 35%
Magic:  8/8        EV: 12    Int:  5    God:    Gozag
Gold:   702        SH:  0    Dex: 10    Spells: 8/8 levels left

rFire   . . .        b - +2 halberd (venom)
rCold   . . .        (shield currently unavailable)
rNeg    . . .        c - +1 scale mail
rPois   .            (helmet restricted)
rElec   .            (no cloak)
rCorr   .            f - +0 pair of gloves
SInv    .            (no boots)
Will    .....        (no amulet) Stlth
                     k - +2 ring of evasion
HPRegen 0.35/turn    (no ring)
MPRegen 0.11/turn

%: no teleportation
@: no status effects
A: horns 2, retaliatory headbutt
a: Renounce Religion, Potion Petition, Call Merchant, Bribe Branch


You were in the Dungeon.
You worshipped Gozag.
Gozag was pleased with you.
You visited 1 branch You collected 702 gold pieces.

Inventory:

Hand Weapons
 a - a +0 trident
 b - a +2 halberd of venom (weapon)
Armour
 c - a +1 scale mail (worn)
 d - a +0 buckler
 f - a +0 pair of gloves (worn)
Jewellery
 k - a +2 ring of evasion (left hand)
Wands
 h - a wand of iceblast (10)
Scrolls
 j - 2 scrolls of blinking
Potions
 e - 4 potions of curing
 g - a potion of haste
 i - a potion of berserk rage
 m - a potion of might


   Skills:
 + Level 13.4 Fighting
 * Level 18.0 Polearms
 + Level 13.4 Armour
 - Level 3.6 Shields


You had 8 spell levels left.
You didn't know any spells.
Your spell library was empty.

Dungeon Overview and Level Annotations

Branches:
Dungeon (1/1)

Altars:
Cheibriados
Dithmenos
Elyvilon
Fedhas
Gozag
Hepliaklqana
Kikubaaqudgha
Makhleb
Nemelex Xobeh
Okawaru
Qazlal
Ru
Sif Muna
Trog
Uskayaw
Vehumet
Wu Jian
Xom
Yredelemnul
Zin
The Shining One
Jiyva
Lugonu


Innate Abilities, Weirdness & Mutations

You have a pair of horns on your head.
You reflexively headbutt those who attack you in melee.


Message History

The vampire mosquito misses you.
The boulder beetle curls into a ball and begins rolling!
The vampire mosquito bites you but does no damage.
You slash the vampire mosquito!
The vampire mosquito is severely damaged.
The vampire mosquito bites you but does no damage.
You impale the vampire mosquito!!
You destroy the vampire mosquito!
Your Polearms skill increases to level 18!
The vampire mosquito is distracted by your dazzling golden aura.
You see here 63 gold pieces.
Deactivating autopickup; reactivate with Ctrl-A.
The vampire mosquito buzzes angrily.
You hit something. You headbutt something.
The vampire mosquito is no longer distracted by gold.
Something hits you. x2; The boulder beetle hits you!
* * * LOW HITPOINT WARNING * * *
The boulder beetle stops rolling and uncurls.
You hit something. Something barely misses you.
You puncture something! You headbutt something!
Something hits you but does no damage.
The vampire mosquito is distracted by your dazzling golden aura.
The boulder beetle barely misses you.
You miss something.
The vampire mosquito buzzes angrily.
Something hits you but does no damage. The boulder beetle bites you!
* * * LOW HITPOINT WARNING * * *
You barely miss something. Your headbutt misses something.
The vampire mosquito is no longer distracted by gold.
Something hits you but does no damage.
You feel better. Something hits you but does no damage. Something hits you.
* * * LOW HITPOINT WARNING * * *
Something hits you.
* * * LOW HITPOINT WARNING * * *
The boulder beetle bites you!
* * * LOW HITPOINT WARNING * * *
You barely miss something. Something hits you but does no damage.
The boulder beetle bites you!!
You die...
Your body crumbles into a pile of gold. $$$$$ $ $ $ $$ $ $ ▓▓▓▓▓▓▓▓▓▓▓▓▓▓▓▓▓▓▓▓▓▓ +..y{@B'.....)'...[[=) ▓▓▓▓▓▓▓▓▓▓▓▓▓▓▓▓▓▓▓▓▓▓

You could see a boulder beetle and a vampire mosquito.

Vanquished Creatures
  A centaur warrior (D)
  2 two-headed ogres (D)
  A troll (D)
  A wyvern (D)
  3 vampire mosquitoes (D)
  A centaur (D)
  A phantom (D)
  An iguana (D)
  An adder (D)
  An ufetubus (D)
  An orc (D)
  A ball python (D)
  2 bats (D)
  An endoplasm (D)
  A hobgoblin (D)
19 creatures vanquished.

Notes
Turn   | Place    | Note
-------+----------+-------------------------------------------
     0 | D        | Heoruswealwe the Minotaur Fighter began the quest for the
                  | Orb.
     0 | D        | Reached XP level 1. HP: 19/19 MP: 0/0
     6 | D        | Reached skill level 3 in Polearms
    15 | D        | Reached skill level 4 in Polearms
    20 | D        | Noticed a phantom
    20 | D        | Noticed an iguana
    26 | D        | Reached XP level 2. HP: 25/28 MP: 1/1
    30 | D        | Reached skill level 5 in Fighting
    30 | D        | Reached skill level 5 in Polearms
    30 | D        | Reached skill level 5 in Armour
    30 | D        | Reached XP level 3. HP: 34/36 MP: 2/2
    31 | D        | Reached skill level 6 in Polearms
    36 | D        | Killed a phantom
    37 | D        | Reached skill level 8 in Polearms
    37 | D        | Reached XP level 4. HP: 30/45 MP: 3/3
    46 | D        | Found a snail-covered altar of Cheibriados.
    46 | D        | Found a shadowy altar of Dithmenos.
    46 | D        | Found a white marble altar of Elyvilon.
    46 | D        | Found a blossoming altar of Fedhas.
    46 | D        | Found an opulent altar of Gozag.
    47 | D        | Found a hazy altar of Hepliaklqana.
    48 | D        | Found a viscous altar of Jiyva.
    49 | D        | Found an ancient bone altar of Kikubaaqudgha.
    50 | D        | Found a corrupted altar of Lugonu.
    51 | D        | Found a burning altar of Makhleb.
    52 | D        | Found a sparkling altar of Nemelex Xobeh.
    53 | D        | Found an iron altar of Okawaru.
    54 | D        | Became a worshipper of Gozag Ym Sagoz the Greedy
    55 | D        | Found a stormy altar of Qazlal.
    56 | D        | Found a sacrificial altar of Ru.
    57 | D        | Found a shimmering blue altar of Sif Muna.
    58 | D        | Found a bloodstained altar of Trog.
    59 | D        | Found a hide-covered altar of Uskayaw.
    60 | D        | Found a radiant altar of Vehumet.
    61 | D        | Found an ornate altar of the Wu Jian Council.
    62 | D        | Found a shimmering altar of Xom.
    63 | D        | Found a basalt altar of Yredelemnul.
    64 | D        | Found a glowing silver altar of Zin.
    65 | D        | Found a glowing golden altar of the Shining One.
   126 | D        | Noticed a vampire mosquito
   126 | D        | Noticed a two-headed ogre
   126 | D        | Noticed a troll
   126 | D        | Noticed a two-headed ogre
   126 | D        | Noticed a wyvern
   126 | D        | Noticed a centaur
   128 | D        | Killed a centaur
   129 | D        | Reached skill level 9 in Polearms
   129 | D        | Reached XP level 5. HP: 27/53 MP: 4/4
   131 | D        | Killed a wyvern
   132 | D        | Reached skill level 11 in Polearms
   132 | D        | Reached XP level 6. HP: 31/62 MP: 5/5
   136 | D        | Killed a two-headed ogre
   137 | D        | Reached skill level 10 in Fighting
   137 | D        | Reached skill level 14 in Polearms
   137 | D        | Reached skill level 10 in Armour
   137 | D        | Reached XP level 7. HP: 43/73 MP: 6/6
   140 | D        | Killed a troll
   141 | D        | Reached skill level 15 in Polearms
   141 | D        | Reached XP level 8. HP: 42/82 MP: 7/7
   144 | D        | Killed a two-headed ogre
   145 | D        | Reached skill level 16 in Polearms
   272 | D        | Noticed a boulder beetle
   272 | D        | Noticed a centaur warrior
   277 | D        | Killed a centaur warrior
   278 | D        | Reached skill level 17 in Polearms
   278 | D        | Reached XP level 9. HP: 58/93 MP: 8/8
   287 | D        | Reached skill level 18 in Polearms
   293 | D        | HP: 4/93 [boulder beetle (11)]
   294 | D        | Mangled by a boulder beetle

Illustrated notes

Levels and vault maps discovered:
D:        linesprint [early_d, line_temple, items_1, d_10, items_2, lair_1,
          lair_end, items_3, orc_1, orc_end, items_4, d_15, swamp_1, shoals_1,
          snake_1, spider_1, d_20, vaults_1, items_5, swamp_end, shoals_end,
          snake_end, spider_end, vaults_end, d_27, items_6, zot_1, zot_end,
          crypt_end, forest_end, elf_end, slime_end, tomb_end, abyss_end,
          pan_hell_end]

Skill      XL: |  1  2  3  4  5  6  7  8  9 |
---------------+----------------------------+-----
Polearms       | 4 5 8 9 11 14 15 17 18 | 18.0
Fighting       | 4 5 6 7 8 10 11 13 | 13.4
Armour         | 4 5 6 7 8 10 11 13 | 13.4
Shields        | |  3.6

Action                     |  1- 3 |  4- 6 |  7- 9 || total
---------------------------+-------+-------+-------++-------
  Melee: Trident           |    25 |     3 |       ||    28
         Headbutt          |     6 |       |     9 ||    15
         Halberd           |       |     7 |    27 ||    34
    Use: Potion            |       |     2 |     2 ||     4
 Armour: Scale mail        |    10 |     2 |    17 ||    29
  Dodge: Dodged            |     9 |    10 |    16 ||    35
  Block: Buckler           |     4 |       |       ||     4
